 Dungeon Crawl Stone Soup version 0.27-a0-1158-gaa87e14f67 (webtiles) character file.

Game seed: 10921118169234110582

175567 Feb132020 the Stormcaller (level 18, -5/86 HPs)
             Began as a Tengu Air Elementalist on May 12, 2021.
             Was the Champion of Nemelex Xobeh.
             Slain by a peacekeeper (9 damage)
             ... on level 1 of the Elven Halls on May 15, 2021.
             The game lasted 04:25:44 (44932 turns).

Feb132020 the Stormcaller (Tengu Air Elementalist) Turns: 44932, Time: 04:25:46

Health: -5/86      AC: 10    Str: 13    XL:     18   Next: 10%
Magic:  23/34      EV: 23    Int: 21    God:    Nemelex Xobeh [******]
Gold:   739        SH:  7    Dex: 28    Spells: 21/47 levels left

rFire    . . .     SeeInvis +   y - +6 spear (flame)
rCold    . . .     Faith    .   F - +0 buckler
rNeg     + . .     Spirit   .   A - +2 robe {rN+}
rPois    .         Reflect  .   o - +0 hat {Int+3}
rElec    .         Harm     .   f - +1 cloak
rCorr    .         Rampage  .   P - +3 pair of gauntlets of War {Slay+5}
Will     +....                  (boots unavailable)
Stlth    +++++.....             m - amulet of the acrobat
HPRegen  0.24/turn              r - +6 ring of dexterity
MPRegen  0.24/turn              I - +6 ring of dexterity

@: flying quickly and evasively, quick
A: beak, talons 3, nimble flight, see invisible, frail 1, low mp 1
a: Renounce Religion, Draw Escape, Draw Destruction, Draw Summoning, Draw Stack,
Triple Draw, Deal Four, Stack Five


You were on level 1 of the Elven Halls.
You worshipped Nemelex Xobeh.
Nemelex Xobeh was exalted by your worship.
You visited 7 branches of the dungeon, and saw 28 of its levels.
You also visited: Sewer and Bailey.

You collected 2183 gold pieces.
You spent 1444 gold pieces at shops.

Inventory:

Hand Weapons
 c - a +0 dagger
 p - a +1 vampiric dagger
 y - a +6 spear of flaming (weapon)
 J - the +4 great sword "Odghant" {flame, Str+3}
   (You found it on level 4 of the Lair of Beasts)

   It has been specially enchanted to burn those struck by it, causing extra
   injury to most foes and up to half again as much damage against particularly
   susceptible opponents.
   Big, fiery blades are also staple armaments of hydra-hunters.
   It affects your strength (+3).
Missiles
 b - 95 poisoned darts
 j - 13 curare-tipped darts
 C - 2 throwing nets
 R - 7 atropa-tipped darts
Armour
 a - a +0 robe
 f - a +1 cloak (worn)
 g - a +2 kite shield
 o - a +0 hat of intelligence (worn)
 A - a +2 robe of positive energy (worn)
 E - +0 steam dragon scales
 F - a +0 buckler (worn)
 O - a +2 robe of fire resistance
 P - the +3 pair of gauntlets of War (worn) {Slay+5}
   (You acquired it on level 2 of the Orcish Mines)

   It affects your accuracy and damage with ranged weapons and melee attacks
   (+5).
Magical Staves
 z - a staff of fire
 M - a staff of conjuration
Jewellery
 l - a ring of ice
 m - an amulet of the acrobat (around neck)
 r - a +6 ring of dexterity (left hand)
 s - a ring of protection from fire
 u - a ring of protection from cold
 x - a ring of see invisible
 I - a +6 ring of dexterity (right hand)
Wands
 t - a wand of iceblast (25)
 v - a wand of flame (34)
 K - a wand of paralysis (25)
 N - a wand of mindburst (11)
Scrolls
 h - 9 scrolls of teleportation
 n - a scroll of enchant armour
 q - 2 scrolls of immolation
 L - a scroll of amnesia
 S - a scroll of brand weapon
 U - 3 scrolls of identify
 V - a scroll of fog
 X - a scroll of blinking
Potions
 d - 3 potions of heal wounds
 e - 2 potions of lignification
 i - 4 potions of brilliance
 k - 4 potions of curing
 w - a potion of cancellation
 B - 2 potions of might
 D - 4 potions of magic
 G - 8 potions of ambrosia
 Q - 2 potions of berserk rage
 W - a potion of invisibility
 Y - a potion of haste
Miscellaneous
 H - a piece from Xom's chessboard (15/15)
 T - a condenser vane


   Skills:
 + Level 5.3 Fighting
 + Level 1.7 Short Blades
 + Level 8.3 Polearms
 + Level 7.5 Dodging
 + Level 7.8 Stealth
 + Level 3.9 Shields
 + Level 15.4 Spellcasting
 + Level 9.5 Conjurations
 + Level 10.9 Summonings
 + Level 19.1 Air Magic
 + Level 5.6 Invocations


You had 21 spell levels left.
You knew the following spells:

 Your Spells              Type           Power      Damage    Failure   Level
a - Shock                 Conj/Air       100%       1d9       0%          1
b - Static Discharge      Conj/Air       67%        N/A       0%          2
c - Summon Small Mammal   Summ           100%       N/A       1%          1
d - Summon Lightning Spi  Summ/Air       68%        N/A       1%          4
e - Airstrike             Air            38%        N/A       0%          4
f - Lightning Bolt        Conj/Air       33%        1d51      1%          5
g - Call Canine Familiar  Summ           58%        N/A       1%          3
h - Summon Guardian Gole  Hex/Summ       39%        N/A       1%          3
s - Swiftness             Air            77%        N/A       0%          3

Your spell library contained the following spells:

 Spells                   Type           Power      Damage    Failure   Level
 Call Imp                 Summ           58%        N/A       1%          2
 Silence                  Hex/Air        27%        N/A       1%          5
 Freeze                   Ice            64%        1d8       3%          1
 Summon Ice Beast         Ice/Summ       39%        N/A       3%          4
 Sublimation of Blood     Necr           8%         N/A       5%          2
 Hailstorm                Conj/Ice       36%        3d9       5%          4
 Frozen Ramparts          Ice            32%        1d5       11%         3
 Ignite Poison            Fire/Tmut/Pois 16%        N/A       11%         3
 Ozocubu's Armour         Ice            16%        N/A       11%         3
 Irradiate                Conj/Tmut      18%        3d20      14%         5
 Animate Dead             Necr           8%         N/A       36%         4
 Cause Fear               Hex            8%         N/A       36%         4
 Petrify                  Tmut/Erth      16%        N/A       36%         4
 Alistair's Intoxication  Tmut/Pois      10%        N/A       71%         5
 Borgnjor's Vile Clutch   Necr/Erth      8%         N/A       71%         5
 Metabolic Englaciation   Hex/Ice        8%         N/A       71%         5
 Yara's Violent Unravell  Hex/Tmut       8%         3d5       71%         5
 Blade Hands              Tmut           8%         N/A       99%         6
 Death Channel            Necr           8%         N/A       99%         6
 Eringya's Noxious Bog    Tmut/Pois      8%         N/A       99%         6
 Simulacrum               Ice/Necr       8%         N/A       99%         6
 Statue Form              Tmut/Erth      10%        N/A       99%         6
 Dragon Form              Tmut           8%         N/A       100%        7
 Discord                  Hex            8%         N/A       100%        8


Dungeon Overview and Level Annotations

Branches:
Dungeon (12/15)            Temple (1/1) D:4            Lair (6/6) D:8
  Swamp (4/4) Lair:2        Snake (2/4) Lair:4        Slime (0/5) Lair:6
    Orc (2/2) D:12            Elf (1/3) Orc:2         Sewer (visited)
 Bailey (visited)

Altars:
Ashenzari
Cheibriados
Dithmenos
Elyvilon
Fedhas
Gozag
Hepliaklqana
Kikubaaqudgha
Makhleb
Nemelex Xobeh
Okawaru
Qazlal
Ru
Sif Muna
Trog
Uskayaw
Vehumet
Wu Jian
Xom
Yredelemnul
Zin
The Shining One
Beogh

Shops:
D:3 (   Orc:2 !(!?   Snake:1 (

Portals:
Abyss: Lair:4

Annotations:
D:3 exclusion: statue
Lair:4 2 transporters, Mexzic's ghost, journeyman TeCj
Lair:6 exclusion: 4 oklob plants
Snake:2 Asterion


Innate Abilities, Weirdness & Mutations

You have a beak for a mouth.
You have claws for feet.
Your magical nature lets you fly swiftly and evasively.
You have supernaturally acute eyesight. (SInv)
You are frail. (-10% HP)
Your magical capacity is low. (-10% MP)


Message History

* * * LOW HITPOINT WARNING * * *
You block the peacekeeper's attack.
You hit the peacekeeper but do no damage.
Your kick misses the peacekeeper.
You peck the peacekeeper, but do no damage.
The peacekeeper is severely damaged.
You block the peacekeeper's attack. The peacekeeper claws you.
* * * LOW HITPOINT WARNING * * *
Unknown command.
You hit the peacekeeper but do no damage.
The peacekeeper is severely damaged.
The peacekeeper bites you but does no damage.
The peacekeeper completely misses you.
You hit the peacekeeper but do no damage.
You claw the peacekeeper, but do no damage.
The peacekeeper is heavily damaged.
You block the peacekeeper's attack. The peacekeeper completely misses you.
You hit the peacekeeper.
You claw the peacekeeper, but do no damage.
The peacekeeper is severely damaged.
The peacekeeper misses you. The peacekeeper completely misses you.
You hit the peacekeeper.
You claw the peacekeeper, but do no damage.
Your peck misses the peacekeeper.
The peacekeeper is severely damaged.
You block the peacekeeper's attack. The peacekeeper closely misses you.
The peacekeeper completely misses you. x2
You hit the peacekeeper but do no damage.
You claw the peacekeeper, but do no damage.
The peacekeeper is severely damaged.
The peacekeeper misses you. The peacekeeper barely misses you.
You completely miss the peacekeeper.
You claw the peacekeeper, but do no damage.
You peck the peacekeeper, but do no damage.
The peacekeeper is severely damaged.
The peacekeeper bites you!
* * * LOW HITPOINT WARNING * * *
The peacekeeper claws you!
You die...
Your body glows with a rainbow of weird colours and disappears.

#.#####..# #.#
#.#...#### #(#
#.'.....## #.#
##.#......## #.#
#......♣...## #.#
#)##........######.#
#.#####......##....#
#.#######).♣..######
#.#.....@......# .♣
#.'.....8......#...
#.#...♣..♣.♣.♣.'..>.
#.^............#....
###............##.♣.
#######..♣..## ##
####......##
###........##
##.+...♣...##


You could see a peacekeeper.

Vanquished Creatures
  Kirke (Lair:5)
  An orc warlord (Orc:1)
  A quicksilver ooze (shapeshifter) (Elf:1)
  2 bunyips
  3 eleionomae
  An ettin (Orc:2)
  A shambling mangrove (Swamp:1)
  6 hydras
  A peacekeeper (Elf:1)
  2 boulder beetles
  2 anacondas (Snake:1)
  2 alligators
  A death yak (Lair:4)
  A two-headed ogre (D:11)
  5 orc high priests (Orc:2)
  A shock serpent (Snake:1)
  A naga sharpshooter (Snake:1)
  Sonja (Lair:4)
  6 spriggans
  A goliath frog (Swamp:2)
  3 spriggan druids
  5 deep elf archers (Elf:1)
  2 orc knights
  2 naga ritualists (Snake:1)
  A necromancer (Swamp:3)
  5 deep elf pyromancers (Elf:1)
  4 deep elf zephyrmancers (Elf:1)
  2 mana vipers (Snake:1)
  A cyclops (D:11)
  An oklob plant (Lair:6)
  A salamander (Snake:1)
  A manticore (Lair:5)
  A faun (Elf:1)
  A will-o-the-wisp (Swamp:2)
  2 elephants (Lair:6)
  10 black mambas
  10 cane toads
  A torpor snail (Lair:6)
  9 rime drakes
  5 komodo dragons
  A troll (D:12)
  A hydra zombie (Swamp:3)
  3 tyrant leeches
  9 hornets
  17 blink frogs
  An alligator zombie (Swamp:3)
  3 slime creatures (D:12)
  A shadow (D:12)
  A wraith (D:9)
  27 yaks
  5 wyverns
  2 basilisks
  3 vampire mosquitoes
  2 steam dragons (Lair:4)
  6 wargs
  4 nagas
  12 swamp worms
  15 water moccasins
  A hell hound (Lair:5)
  A hornet zombie (D:6)
  3 swamp drakes
  15 orc warriors
  4 ice beasts
  An alligator simulacrum (Swamp:3)
  8 ogres
  4 black bears
  2 wolves
  3 centaurs
  A phantom (D:6)
  6 kobold brigands
  12 bullfrogs
  A gnoll sergeant (D:6)
  A scorpion (D:5)
  2 water moccasin zombies
  A water moccasin skeleton (D:5)
  7 killer bees
  10 wights
  An electric eel (Lair:6)
  4 howler monkeys
  7 centaur zombies
  4 hounds
  3 jellies
  22 orc priests
  4 bullfrog skeletons
  Terence (D:3)
  6 orc wizards
  3 iguanas
  9 hell rats
  A hound zombie (D:5)
  A mummy (D:6)
  12 gnolls
  4 river rats
  5 adders
  A shadow imp (D:8)
  A white imp (D:6)
  2 ufetubi
  An adder skeleton (D:5)
  9 worms
  3 dart slugs
  56 orcs
  11 ball pythons
  12 endoplasms
  12 giant cockroaches
  20 goblins
  20 hobgoblins
  11 jackals
  3 quokkas
  7 bats
  3 frilled lizards
  19 kobolds
  13 rats
594 creatures vanquished.

Vanquished Creatures (collateral kills)
  Jorgrun (Orc:2)
  A fenstrider witch (Swamp:3)
  2 shambling mangroves
  2 deep elf death magi (Elf:1)
  8 hydras
  Erolcha (Orc:2)
  An anaconda (Snake:1)
  2 alligators
  4 two-headed ogres
  4 death yaks
  2 orc high priests (Orc:2)
  A bunyip zombie (Swamp:3)
  2 sea snakes
  A spriggan druid (Swamp:3)
  A naga ritualist (Snake:1)
  3 swamp dragons
  4 bog bodies
  5 deep elf zephyrmancers (Elf:1)
  2 deep elf pyromancers (Elf:1)
  2 will-o-the-wisps
  2 orc sorcerers (Orc:2)
  A cyclops (D:11)
  2 elephants (Lair:6)
  2 salamanders (Snake:1)
  A naga mage (Snake:1)
  2 black mambas
  2 torpor snails
  17 cane toads
  3 komodo dragons
  3 trolls
  A polar bear (Lair:4)
  5 tyrant leeches
  A queen bee (D:9)
  17 blink frogs
  7 hornets
  2 slime creatures (D:11)
  8 spriggans
  36 yaks
  5 wyverns (Lair:5)
  4 basilisks
  A fire bat (Orc:1)
  3 hogs
  3 vampire mosquitoes (Lair:6)
  2 wargs (Orc:2)
  A naga (Lair:4)
  6 swamp worms
  7 water moccasins
  A hell hound (Lair:5)
  A swamp drake (Swamp:1)
  19 orc warriors
  6 wolves
  2 centaurs
  A kobold brigand (D:7)
  6 bullfrogs
  A gnoll sergeant (D:8)
  4 wights
  22 killer bees
  2 howler monkeys (D:11)
  11 orc priests
  8 orc wizards
  6 hell rats
  5 gnolls
  A river rat (Lair:1)
  32 orcs
  3 goblins (Bailey)
  3 hobgoblins (Bailey)
  A kobold (D:7)
  3 rats (Lair:1)
331 creatures vanquished.

Vanquished Creatures (others)
  A bloated husk (Swamp:3)
  11 demonic plants (D:3)
  7 foxfires
  97 fungi
  175 plants
  4 withered plants (D:3)
295 creatures vanquished.

Grand Total: 1220 creatures vanquished

Notes
Turn   | Place    | Note
-------+----------+-------------------------------------------
     0 | D:1      | Feb132020 the Tengu Air Elementalist began the quest for
                  | the Orb.
     0 | D:1      | Reached XP level 1. HP: 10/10 MP: 4/4
   114 | D:1      | Reached XP level 2. HP: 15/15 MP: 1/6
   117 | D:1      | Learned a level 2 spell: Static Discharge
   754 | D:1      | Reached XP level 3. HP: 15/19 MP: 7/7
   758 | D:1      | Learned a level 3 spell: Swiftness
  1355 | D:2      | Reached skill level 5 in Air Magic
  1565 | D:2      | Reached XP level 4. HP: 19/24 MP: 1/8
  2343 | D:3      | Found a faded altar of an unknown god.
  2397 | D:3      | Noticed Terence
  2536 | D:3      | Found a glowing drain.
  2540 | Sewer    | Entered a sewer
  2563 | Sewer    | Noticed a kobold brigand
  2601 | Sewer    | Killed a kobold brigand
  2602 | Sewer    | Gained mutation: Your magical nature lets you fly swiftly
                  | and evasively. [Tengu growth]
  2602 | Sewer    | Reached XP level 5. HP: 12/28 MP: 0/10
  2857 | Sewer    | Noticed a kobold brigand
  2865 | Sewer    | Killed a kobold brigand
  2866 | Sewer    | Reached XP level 6. HP: 32/32 MP: 3/11
  3440 | Sewer    | Reached skill level 6 in Air Magic
  4060 | Sewer    | Reached skill level 5 in Conjurations
  4060 | Sewer    | Reached XP level 7. HP: 30/37 MP: 1/14
  4455 | D:3      | Killed Terence
  4796 | D:3      | Found Zigibis's Weapon Emporium.
  4910 | D:3      | Found a radiant altar of Vehumet.
  5357 | D:4      | Found a staircase to the Ecumenical Temple.
  5369 | Temple   | Entered the Ecumenical Temple
  5852 | Temple   | Became a worshipper of Nemelex Xobeh the Trickster
  6386 | D:5      | Entered Level 5 of the Dungeon
  6592 | D:5      | Learned a level 1 spell: Summon Small Mammal
  6865 | D:5      | Reached * piety under Nemelex Xobeh
  6966 | D:5      | Reached skill level 1 in Short Blades
  6966 | D:5      | Reached skill level 1 in Summonings
  6966 | D:5      | Reached XP level 8. HP: 42/42 MP: 13/16
  6996 | D:5      | Learned a level 4 spell: Summon Lightning Spire
  7017 | D:5      | Reached skill level 7 in Air Magic
  7322 | D:5      | Found a shadowy altar of Dithmenos.
  7454 | D:5      | Reached skill level 5 in Spellcasting
  8106 | D:6      | Received a gift from Nemelex Xobeh
  8335 | D:6      | Found a snail-covered altar of Cheibriados.
  8548 | D:6      | Learned a level 4 spell: Airstrike
  9117 | D:6      | Reached skill level 8 in Air Magic
  9117 | D:6      | Reached XP level 9. HP: 39/46 MP: 11/18
  9313 | D:6      | Reached skill level 1 in Fighting
  9381 | D:6      | Found an opulent altar of Gozag.
  9677 | D:7      | Reached ** piety under Nemelex Xobeh
  9700 | D:7      | Received a gift from Nemelex Xobeh
 10610 | D:8      | Found a staircase to the Lair.
 10773 | D:8      | Found a flagged portal.
 10786 | Bailey   | Entered a bailey
 10944 | Bailey   | Reached skill level 1 in Polearms
 10944 | Bailey   | Reached skill level 5 in Summonings
 11315 | Bailey   | Received a gift from Nemelex Xobeh
 11379 | Bailey   | Reached skill level 9 in Air Magic
 11697 | Bailey   | Noticed an orc warlord
 11750 | D:8      | Reached *** piety under Nemelex Xobeh
 11788 | D:8      | Reached XP level 10. HP: 52/52 MP: 7/21
 11888 | D:8      | Reached skill level 5 in Stealth
 12064 | D:8      | Noticed a two-headed ogre
 12072 | D:8      | Killed a two-headed ogre
 12236 | D:8      | Reached skill level 10 in Air Magic
 12261 | D:8      | Noticed a centaur warrior
 12574 | D:8      | Found a shimmering blue altar of Sif Muna.
 12655 | D:8      | Found a hazy altar of Hepliaklqana.
 12928 | D:8      | Noticed a sea snake
 12928 | D:8      | a centaur warrior changed into a sea snake
 12932 | D:8      | Killed a sea snake
 13504 | D:8      | Upgraded the game from 0.27-a0-1147-gb3d8e82157 to
                  | 0.27-a0-1149-g4505690ab0
 13526 | Lair:1   | Entered Level 1 of the Lair of Beasts
 13738 | Lair:1   | Noticed a cane toad
 13745 | Lair:1   | Killed a cane toad
 13746 | Lair:1   | Reached skill level 11 in Air Magic
 13859 | Lair:1   | Noticed a black mamba
 13869 | Lair:1   | Killed a black mamba
 14218 | Lair:1   | Reached XP level 11. HP: 57/57 MP: 15/24
 15134 | Lair:1   | Reached skill level 12 in Air Magic
 15572 | Lair:2   | Noticed an eight-headed hydra
 15576 | Lair:2   | Killed an eight-headed hydra
 16079 | Lair:2   | Found a sacrificial altar of Ru.
 16162 | Lair:2   | Received a gift from Nemelex Xobeh
 16287 | Lair:2   | Found a staircase to the Swamp.
 16511 | Lair:2   | Noticed a boulder beetle
 16521 | Lair:2   | Killed a boulder beetle
 16658 | Lair:2   | Reached **** piety under Nemelex Xobeh
 16690 | Lair:2   | Noticed an eight-headed hydra
 16695 | Lair:2   | Killed an eight-headed hydra
 17150 | Lair:3   | Reached skill level 13 in Air Magic
 17465 | Lair:3   | Received a gift from Nemelex Xobeh
 17581 | Lair:3   | Gained mutation: You are frail. (-10% HP) [potion of
                  | mutation]
 17581 | Lair:3   | Gained mutation: Your magical capacity is low. (-10% MP)
                  | [potion of mutation]
 17581 | Lair:3   | Gained mutation: You have supernaturally acute eyesight.
                  | (SInv) [potion of mutation]
 17581 | Lair:3   | Gained mutation: You are partially covered in iridescent
                  | scales. (AC +2) [potion of mutation]
 17582 | Lair:3   | Lost mutation: You are frail. (-10% HP) [potion of
                  | mutation]
 17582 | Lair:3   | Lost mutation: Your magical capacity is low. (-10% MP)
                  | [potion of mutation]
 17582 | Lair:3   | Lost mutation: You are partially covered in iridescent
                  | scales. (AC +2) [potion of mutation]
 17582 | Lair:3   | Gained mutation: You are frail. (-10% HP) [potion of
                  | mutation]
 17582 | Lair:3   | Gained mutation: Your magical capacity is low. (-10% MP)
                  | [potion of mutation]
 17601 | Lair:3   | Reached skill level 10 in Spellcasting
 17656 | Lair:3   | Noticed a six-headed hydra
 17657 | Lair:3   | Reached XP level 12. HP: 55/55 MP: 15/24
 17720 | Lair:3   | Killed a six-headed hydra
 18509 | Lair:4   | Noticed a death yak
 18509 | Lair:4   | Noticed a death yak
 18509 | Lair:4   | Noticed a death yak
 19254 | Lair:4   | Killed a death yak
 19273 | Lair:4   | Killed a death yak
 19284 | Lair:4   | Noticed an eight-headed hydra
 19289 | Lair:4   | Killed an eight-headed hydra
 19290 | Lair:4   | Reached skill level 14 in Air Magic
 19412 | Lair:4   | Received a gift from Nemelex Xobeh
 19436 | Lair:4   | HP: 2/56 [blink frog (11)]
 19865 | Lair:4   | Noticed Sonja
 19868 | Lair:4   | Killed Sonja
 19884 | Lair:4   | Reached skill level 5 in Polearms
 19924 | Lair:4   | Killed a death yak
 20084 | Lair:4   | Found a one-way gate to the infinite horrors of the Abyss.
 20092 | Lair:4   | Found a transporter.
 20092 | Lair:4   | Noticed a hell hog
 20104 | Lair:4   | Noticed Mexzic's ghost (journeyman TeCj)
 20112 | Lair:4   | Reached ***** piety under Nemelex Xobeh
 20149 | Lair:4   | Found a transporter.
 20194 | Lair:4   | Found a staircase to the Snake Pit.
 20673 | Lair:4   | Identified the +4 great sword "Odghant" {flame, Str+3}
 20824 | Lair:5   | Identified a scroll of acquirement
 20825 | Lair:5   | Acquired a +0 hat of intelligence
 20936 | Lair:5   | Reached skill level 1 in Invocations
 21235 | Lair:5   | Reached XP level 13. HP: 61/61 MP: 11/26
 21296 | Lair:5   | Noticed Kirke
 21385 | Lair:5   | Received a gift from Nemelex Xobeh
 21587 | Lair:5   | Noticed a sphinx
 22027 | Lair:5   | Reached skill level 15 in Air Magic
 22573 | Lair:5   | Killed Kirke
 23165 | Lair:5   | Received a gift from Nemelex Xobeh
 23317 | Lair:6   | Entered Level 6 of the Lair of Beasts
 24865 | Lair:6   | Reached skill level 16 in Air Magic
 25359 | Lair:6   | Received a gift from Nemelex Xobeh
 25961 | Lair:6   | Reached XP level 14. HP: 66/66 MP: 20/28
 25962 | Lair:6   | Reached skill level 5 in Dodging
 27483 | Lair:6   | Found a staircase to the Slime Pits.
 27874 | Swamp:1  | Entered Level 1 of the Swamp
 28112 | D:9      | Found a sacrificial altar of Ru.
 28630 | D:9      | Received a gift from Nemelex Xobeh
 28920 | D:9      | Found a stormy altar of Qazlal.
 29140 | D:10     | Entered Level 10 of the Dungeon
 31316 | D:11     | Received a gift from Nemelex Xobeh
 31329 | D:11     | Reached skill level 1 in Shields
 31742 | D:12     | Received a gift from Nemelex Xobeh
 32436 | D:12     | Found a staircase to the Orcish Mines.
 32811 | Orc:1    | Entered Level 1 of the Orcish Mines
 32811 | Orc:1    | Reached ****** piety under Nemelex Xobeh
 32811 | Orc:1    | Noticed an orc warlord
 32837 | Orc:1    | Killed an orc warlord
 32838 | Orc:1    | Reached skill level 17 in Air Magic
 32862 | Orc:1    | Received a gift from Nemelex Xobeh
 33384 | Orc:1    | Received a gift from Nemelex Xobeh
 33397 | Orc:1    | Upgraded the game from 0.27-a0-1149-g4505690ab0 to
                  | 0.27-a0-1154-gfdeffcb720
 33413 | Orc:2    | Entered Level 2 of the Orcish Mines
 33422 | Orc:2    | Reached skill level 10 in Summonings
 33967 | Orc:2    | Noticed Jorgrun
 33984 | Orc:2    | Killed Jorgrun
 34068 | Orc:2    | Found a staircase to the Elven Halls.
 34094 | Orc:1    | Noticed an orc warlord
 34585 | Orc:2    | Found Jaeclax's Antique Weapon Shop.
 34585 | Orc:2    | Found Cuidui's Distillery.
 34814 | Orc:2    | Reached XP level 15. HP: 57/70 MP: 9/30
 35345 | Orc:2    | Found Byut's Magic Scroll Shop.
 35345 | Orc:2    | Found Vicik's Distillery.
 35369 | Orc:2    | Bought a scroll of acquirement for 572 gold pieces
 35369 | Orc:2    | Acquired the +3 pair of gauntlets of War {Slay+5}
 35370 | Orc:2    | Found the +3 pair of gauntlets of War {Slay+5}
 35408 | Orc:2    | Bought a potion of experience for 850 gold pieces
 35408 | Orc:2    | Reached skill level 5 in Fighting
 35408 | Orc:2    | Reached XP level 16. HP: 78/78 MP: 31/31
 35445 | Orc:2    | Bought a scroll of identify for 22 gold pieces
 35480 | Orc:2    | Received a gift from Nemelex Xobeh
 35800 | Orc:2    | Paralysed by an orc sorcerer for 6 turns
 35801 | Orc:2    | Noticed Erolcha
 35806 | Orc:2    | Killed Erolcha
 37734 | Swamp:1  | Identified the +0 leather armour of the Boiling Point
                  | {*Corrode rElec rC++ Dex+3}
 37862 | Swamp:1  | You are sucked into a shaft and drop 1 floor!
 37940 | Swamp:2  | Reached skill level 5 in Invocations
 37940 | Swamp:2  | Reached XP level 17. HP: 82/82 MP: 32/32
 38303 | Swamp:2  | Received a gift from Nemelex Xobeh
 38343 | Swamp:2  | Reached skill level 18 in Air Magic
 38717 | Swamp:1  | Learned a level 5 spell: Lightning Bolt
 38721 | Swamp:1  | Learned a level 3 spell: Call Canine Familiar
 38725 | Swamp:1  | Learned a level 3 spell: Summon Guardian Golem
 38844 | Swamp:2  | Identified the -2 quarterstaff "Ogrebane" {antimagic, rN+
                  | SInv}
 40504 | Swamp:3  | Received a gift from Nemelex Xobeh
 40517 | Swamp:3  | Identified the +0 chain mail of Acyjil {rN+ rCorr}
 41376 | Swamp:3  | Upgraded the game from 0.27-a0-1154-gfdeffcb720 to
                  | 0.27-a0-1158-gaa87e14f67
 41386 | Swamp:4  | Entered Level 4 of the Swamp
 41501 | Snake:1  | Entered Level 1 of the Snake Pit
 41532 | Snake:1  | Found Fuejuami's Weapon Boutique.
 42495 | Snake:1  | Reached skill level 15 in Spellcasting
 43236 | Snake:1  | Received a gift from Nemelex Xobeh
 43643 | Snake:2  | Noticed Asterion
 43910 | Elf:1    | Entered Level 1 of the Elven Halls
 44471 | Elf:1    | Reached XP level 18. HP: 86/86 MP: 13/34
 44519 | Elf:1    | Reached skill level 19 in Air Magic
 44932 | Elf:1    | HP: 4/86 [peacekeeper (16)]
 44932 | Elf:1    | Slain by a peacekeeper

Illustrated notes

Levels and vault maps discovered:
D:1:      lemuel_arrival_lava_pool, layout_loops_ring
D:2:      minmay_roachtagon, layout_basic, minmay_ruptured
D:3:      layout_loops_ring, vehumet_statue, serial_shops, nicolae_shop_stone,
          portal_sewer_entry_e, shapermc_ecumenical_altar_gd,
          chequers_mini_garden, minmay_misc_feat_room, uniq_terence
D:4:      layout_basic, minmay_temple_entry_wispy
D:5:      minmay_evil_eye, layout_loops_corners, nicolae_dithmenos_the_darkroom
D:6:      layout_basic, grunt_gozag_breadcrumbs, slow_altar_2, st_stairs_3
D:7:      layout_basic, minmay_fountain_box
D:8:      layout_gridville, kennysheep_little_box, kennysheep_orc_sif_temple,
          minmay_lair_entry_grove, enter_bailey_6, hangedman_minor_gate_pass
D:9:      layout_roguey [special_room_bee], lemuel_round_altar,
          hangedman_ru_absence
D:10:     layout_stronghold
D:11:     layout_roguey, kennysheep_generic_room_8
D:12:     layout_roguey, david_orc_4, serial_glass, glass_columns_c,
          glass_columns_c, feat_on_display
Temple:   eino_temple_water
Lair:1:   layout_roguey, kennysheep_abandoned_house
Lair:2:   layout_gridlike, swamp_mist_pool, basic_altar
Lair:3:   layout_cave_pods, infiniplex_staircase_pool_2, serial_bayou_shore_b,
          grunt_megastairs_4, lemuel_fruit_tree
Lair:4:   layout_hall_layers, guppyfry_snake_entry_garden,
          gammafunk_ghost_abyssal_escape, minmay_stone_trees_small,
          minivault_19, grunt_megastairs_2, uniq_sonja
Lair:5:   layout_concentric_octagons, special_room [special_room_mythical_zoo],
          infiniplex_staircase_pool, uniq_kirke
Lair:6:   minmay_lair_end_frog_pond, layout_layer_cave,
          minmay_slime_entry_oklob_open, grunt_forest_large_clearing_hut
Swamp:1:  layout_falls_marsh, evilmike_swamp_ruin_house_4
Swamp:2:  layout_basic_swamp, serial_swamp_ruin, evilmike_swamp_ruin_house_3,
          evilmike_swamp_ruin_wall, evilmike_swamp_ruin_house_5
Swamp:3:  layout_basic_swamp, hangedman_swamp_pad, nicolae_swamp_necromancer_hut
Swamp:4:  swamp_basic_johnstein, layout_basic_swamp
Snake:1:  layout_basic, minmay_shop_star
Snake:2:  layout_misc_corridors, special_room, uniq_asterion
Orc:1:    layout_caves
Orc:2:    st_orc_town, layout_caves, uniq_jorgrun, uniq_erolcha
Elf:1:    eino_elf_arrival_customs, layout_gridlike,
          portal_desolation_entry_twin_temple, hangedman_elf_disciples,
          grunt_megastairs_3, minmay_shop_grove

Skill      XL: |  1  2  3  4  5  6  7  8  9 10 11 12 13 14 15 16 17 18 |
---------------+-------------------------------------------------------+-----
Air Magic      | 5 6 8 9 11 13 14 16 17 18 19 | 19.1
Conjurations   | 2 3 5 6 7 8 9 |  9.5
Spellcasting   | 3 4 5 6 8 10 11 12 13 14 15 | 15.4
Stealth        | 3 4 5 6 7 |  7.8
Short Blades   | 1 |  1.7
Summonings     | 1 3 5 7 8 9 10 | 10.9
Dodging        | 3 4 5 7 |  7.5
Fighting       | 1 2 3 5 |  5.3
Polearms       | 3 4 5 6 7 8 |  8.3
Invocations    | 1 5 |  5.6
Shields        | 1 3 |  3.9

Action                   |  1- 3 |  4- 6 |  7- 9 | 10-12 | 13-15 | 16-18 || total
-------------------------+-------+-------+-------+-------+-------+-------++-------
Melee: Dagger            |    21 |    31 |    46 |       |       |       ||    98
       Peck              |     2 |     1 |    31 |    39 |   108 |    54 ||   235
       Kick              |     4 |     8 |    31 |    71 |   169 |    89 ||   372
       Spear             |       |       |    93 |   236 |   486 |   304 ||  1119
 Cast: Shock             |    68 |   135 |   196 |   142 |   117 |    43 ||   701
       Static Discharge  |       |     3 |    21 |       |       |       ||    24
       Airstrike         |       |       |    14 |    91 |   126 |   134 ||   365
       Summon Lightning  |       |       |     9 |    65 |   116 |    60 ||   250
       Swiftness         |       |       |     1 |       |     1 |       ||     2
       Lightning Bolt    |       |       |       |       |       |     3 ||     3
       Call Canine Famil |       |       |       |       |       |     1 ||     1
Invok: Draw Destruction  |       |       |     3 |     6 |    12 |    10 ||    31
       Draw Summoning    |       |       |     2 |       |     4 |     5 ||    11
       Draw Escape       |       |       |       |     3 |     1 |     1 ||     5
       Stack Five        |       |       |       |     1 |     1 |     2 ||     4
       Draw Stack        |       |       |       |       |     7 |    10 ||    17
Evoke: Wand              |       |       |       |       |     2 |       ||     2
  Use: Scroll            |     1 |     1 |     7 |    13 |     7 |     5 ||    34
       Potion            |       |     1 |       |     3 |     4 |    16 ||    24
 Stab: Sleeping          |     2 |     2 |    11 |     4 |     8 |     4 ||    31
       Distracted        |       |       |     1 |     6 |    26 |    19 ||    52
       Invisible         |       |       |       |       |     3 |       ||     3
Armor: Robe              |     5 |     3 |    19 |     8 |     4 |    24 ||    63
       Steam dragon scal |       |       |       |     7 |    47 |       ||    54
Dodge: Dodged            |    15 |    20 |   113 |   149 |   299 |   207 ||   803
Block: Buckler           |       |       |       |       |    56 |    80 ||   136

Table legend: (Time is in decaauts)
 A = Elapsed time spent in this place.
 B = Non-inter-level travel time spent in this place.
 C = Inter-level travel time spent in this place.
 D = Time resting spent in this place.
 E = Time spent auto-exploring this place.
 F = Levels seen in this place.
 G = Mean time per level.
                   A        B        C        D        E       F      G
               +--------+--------+--------+--------+--------+-----+--------+
         Total |  43035 |  40984 |   2051 |   5005 |  29911 |  30 | 1434.5 |
       Dungeon |  14877 |  13987 |    890 |    596 |  11381 |  12 | 1239.8 |
        Temple |    452 |    399 |     53 |      0 |    396 |   1 |  452.0 |
          Lair |  14075 |  13440 |    635 |   2721 |   8799 |   6 | 2345.8 |
         Swamp |   4565 |   4391 |    174 |    382 |   3485 |   4 | 1141.2 |
     Snake Pit |   2102 |   1986 |    116 |    301 |   1432 |   2 | 1051.0 |
  Orcish Mines |   3475 |   3296 |    179 |    740 |   1892 |   2 | 1737.5 |
   Elven Halls |    852 |    852 |      0 |    225 |    417 |   1 |  852.0 |
         Sewer |   1723 |   1723 |      0 |     23 |   1449 |   1 | 1723.0 |
        Bailey |    910 |    910 |      0 |     14 |    656 |   1 |  910.0 |
               +--------+--------+--------+--------+--------+-----+--------+

Top non-repeatable levels by time:
  Lair:5: 3057 daAuts
  Lair:6: 3013 daAuts
   Orc:2: 2764 daAuts
  Lair:4: 2508 daAuts
 Snake:1: 2093 daAuts
  Lair:1: 2066 daAuts
  Lair:3: 1998 daAuts
     D:8: 1807 daAuts
 Swamp:1: 1758 daAuts
   Sewer: 1723 daAuts
     D:6: 1676 daAuts
 Swamp:3: 1441 daAuts
     D:5: 1437 daAuts
  Lair:2: 1431 daAuts
    D:10: 1394 daAuts
